 Dungeon Crawl Stone Soup version 0.30-a0-304-gdc4b735fe1 (webtiles) character file.

Game seed: 3204179510825006644

32 ryw the Trooper (level 3, 30/30 HPs)
             Began as a Demonspawn Monk on Oct 20, 2022.
             Quit the game on level 1 of the Dungeon.
             The game lasted 00:00:54 (387 turns).

ryw the Trooper (Demonspawn Monk)                    Turns: 387, Time: 00:00:54

Health: 30/30      AC:  5    Str: 11    XL:     3   Next: 10%
Magic:  3/3        EV: 11    Int: 11    God:
Gold:   23         SH:  0    Dex: 17    Spells: 2/2 levels left

rFire   . . .      SeeInvis .      - Unarmed
rCold   . . .      Faith    .    (no shield)
rNeg    . . .      Spirit   .    d - +0 ring mail
rPois   .          Reflect  .    (no helmet)
rElec   .          Harm     .    (no cloak)
rCorr   +          Rampage  .    (no gloves)
Will    .....                    (no boots)
Stlth   +.........               (no amulet)
HPRegen 0.25/turn                c - ring of resist corrosion
MPRegen 0.08/turn                (no ring)

@: no status effects
A: powered by pain 1, weakness stinger 1
a: no special abilities


You were on level 1 of the Dungeon.
You visited 1 branch of the dungeon, and saw 1 of its levels.

You collected 23 gold pieces.

Inventory:

Armour
 a - a +0 robe
 d - a +0 ring mail (worn)
Jewellery
 c - a ring of resist corrosion (left hand)
Scrolls
 f - a scroll of identify {unknown}
 g - a scroll of summoning {unknown}
Potions
 b - a potion of ambrosia
 e - 2 potions of attraction {unknown}


   Skills:
 + Level 4.2 Fighting
 + Level 0.3 Armour
 - Level 2.6 Dodging
 - Level 1.7 Stealth
 - Level 2.6 Unarmed Combat


You had 2 spell levels left.
You didn't know any spells.
Your spell library was empty.

Dungeon Overview and Level Annotations

Branches:
Dungeon (1/15)

Altars:


Innate Abilities, Weirdness & Mutations

You sometimes gain a little power by taking damage.
You have a small tail.


Message History

The rat bites you.
You hit the rat.
You kill the rat!
The hobgoblin completely misses you.
You hit the hobgoblin but do no damage. The hobgoblin hits you.
You hit the hobgoblin.
The hobgoblin is almost dead.
The hobgoblin hits you.
You hit the hobgoblin.
You kill the hobgoblin!
No target in view!
No target in view!
g - a scroll labelled GETTIAK REAF
There is an open door here.
A bat comes into view.
You see here a scroll labelled JEGUUT NAKH.
A bat is nearby!
A goblin comes into view. It is wielding a +0 dagger.
The goblin shouts!
Found a stone staircase leading down.
The bat hits you but does no damage.
You hit the bat.
The bat is heavily wounded.
The bat hits you but does no damage. The bat barely misses you.
An endoplasm comes into view.
You hit the goblin but do no damage. The bat hits you but does no damage.
The goblin hits you with a +0 dagger.
You barely miss the bat.
The bat is heavily wounded.
The bat hits you but does no damage. The goblin hits you but does no damage.
You barely miss the bat.
The bat is heavily wounded.
The bat barely misses you.
You hit the goblin.
You kill the goblin!
The bat closely misses you. The bat barely misses you.
The endoplasm jiggles.
The bat hits you but does no damage.
Are you sure you want to abandon this character and quit the game? (Confirm with "yes".)

.........). #.##
#.#.##.... ..... #
#.#....### #.#
#.####.#.####
#.###......#.#
#.#..[.......#
#.#.#####..########
###J#.##.............
>###.#...@?.b............#
.........#.##.#######+##.#
.#####.###.##.#........#..
#. #....#........#.# #.
##...#........#.# #.
##..#........#.# #.
#..#........#.# ..
##.#..†.....#)# .#
#.#........#..


You could see an endoplasm and a bat.

Vanquished Creatures
  A gnoll (D:1)
  A dart slug (D:1)
  2 endoplasms (D:1)
  A giant cockroach (D:1)
  3 goblins (D:1)
  2 hobgoblins (D:1)
  2 jackals (D:1)
  A quokka (D:1)
  3 bats (D:1)
  3 rats (D:1)
19 creatures vanquished.

Notes
Turn   | Place    | Note
-------+----------+-------------------------------------------
     0 | D:1      | ryw the Demonspawn Monk began the quest for the Orb.
     0 | D:1      | Reached XP level 1. HP: 18/18 MP: 1/1
   137 | D:1      | Gained mutation: You sometimes gain a little power by
                  | taking damage. [demonic ancestry]
   137 | D:1      | Reached XP level 2. HP: 22/24 MP: 2/2
   217 | D:1      | Reached skill level 4 in Fighting
   311 | D:1      | Gained mutation: You have a small tail. [demonic ancestry]
   311 | D:1      | Reached XP level 3. HP: 30/30 MP: 3/3
   387 | D:1      | Quit the game

Illustrated notes

Levels and vault maps discovered:
D:1:      dpeg_arrival_concentric_ovals, layout_loops_ring,
          shapermc_ecumenical_altar_mp_urbaneastern, kennysheep_pointless_box,
          minivault_25

Skill      XL: |  1  2 |
---------------+-------+-----
Fighting       | 4 |  4.2
Armour         | |  0.3
Dodging        | |  2.6
Stealth        | |  1.7
Unarmed Combat | |  2.6

Action                   || total
-------------------------++-------
Melee: Unarmed           ||    68
       Punch             ||     2
 Stab: Sleeping          ||     1
Armor: Ring mail         ||    22
Dodge: Dodged            ||    47

Table legend: (Time is in decaauts)
 A = Elapsed time spent in this place.
 B = Non-inter-level travel time spent in this place.
 C = Inter-level travel time spent in this place.
 D = Time resting spent in this place.
 E = Time spent auto-exploring this place.
 F = Levels seen in this place.
 G = Mean time per level.
                   A        B        C        D        E       F      G
               +--------+--------+--------+--------+--------+-----+--------+
         Total |    382 |    382 |      0 |      0 |    243 |   1 |  382.0 |
       Dungeon |    382 |    382 |      0 |      0 |    243 |   1 |  382.0 |
               +--------+--------+--------+--------+--------+-----+--------+

Top non-repeatable levels by time:
     D:1: 382 daAuts
